 Dungeon Crawl Stone Soup version 0.20-a0-641-g673355a (webtiles) character file.

489 AlphabetPasta the Digger (level 6, -2/32 HPs)
             Began as a Deep Elf Earth Elementalist on Feb 14, 2017.
             Slain by an orc priest (4 damage)
             ... on level 4 of the Dungeon.
             The game lasted 00:20:07 (3859 turns).

AlphabetPasta the Digger (DEEE)                     Turns: 3859, Time: 00:20:07

Health: -2/32      AC:  3    Str:  5    XL:     6   Next: 90%
Magic:  2/17       EV: 13    Int: 22    God:
Gold:   227        SH:  0    Dex: 15    Spells: 2/17 levels left

rFire    . . .     SeeInvis .   m - +1 flail (crush)
rCold    . . .     Gourm    .   c - +0 robe
rNeg     . . .     Faith    .   (no shield)
rPois    .         Spirit   .   j - +0 helmet
rElec    .         Reflect  .   (no cloak)
rCorr    .         Harm     .   (no gloves)
MR       .....                  (no boots)
Stlth    ++........             r - amulet of regeneration
Regen    0.5/turn               (no ring)
MPRegen  0.2/turn               (no ring)

@: slowed, very slow
A: no striking features
a: no special abilities


You were on level 4 of the Dungeon.
You were hungry.

You visited 1 branch of the dungeon, and saw 4 of its levels.

You collected 227 gold pieces.

Inventory:

Hand Weapons
 a - a +0 spear
 m - a +1 flail of crushing (weapon)
Missiles
 b - 75 stones (quivered)
Armour
 c - a +0 robe (worn)
 j - a +0 helmet (worn)
Jewellery
 f - an uncursed ring of ice {unknown}
 r - an amulet of regeneration (around neck)
Scrolls
 s - a scroll of magic mapping
Potions
 g - a potion of might
 h - a potion of resistance {unknown}
 n - a potion of degeneration {unknown}
 p - a potion of brilliance {unknown}
 q - a potion of curing
Books
 e - a book of Geomancy

   Spells                             Type                      Level
   a - Sandblast                      Earth                        1
   b - Passwall                       Transmutation/Earth          2
   c - Stone Arrow                    Conjuration/Earth            3
   d - Petrify                        Transmutation/Earth          4
   e - Lee's Rapid Deconstruction     Earth                        5
Comestibles
 d - 2 bread rations
 k - 4 meat rations
 l - 2 fruits


   Skills:
 - Level 2.4 Dodging
 - Level 2.4 Stealth
 + Level 6.1 Spellcasting
 + Level 2.1 Conjurations
 - Level 1.1 Transmutations
 * Level 6.9 Earth Magic


You had 2 spell levels left.
You knew the following spells:

 Your Spells              Type           Power        Failure   Level  Hunger
a - Sandblast             Erth           #####.       1%          1    None
b - Passwall              Tmut/Erth      ###.......   2%          2    None
c - Stone Arrow           Conj/Erth      ####..       4%          3    #......
d - Petrify               Tmut/Erth      ###.....     17%         4    ###....
e - Lee's Rapid Deconstr  Erth           #####.....   17%         5    #####..


Dungeon Overview and Level Annotations

Branches:
Dungeon (4/15)
 Temple: D:4-7

Altars:
Hepliaklqana
Qazlal
Sif Muna


Message History

Aim: an orc priest, wielding a club The stone arrow hits the orc priest.
You kill the orc priest!
Your Conjurations skill increases to level 2!
The orc priest completely misses you. The orc priest closely misses you.
The orc priest misses you.
Casting: Stone Arrow
Confirm with . or Enter, or press ? or * to list all spells.
Aiming: Stone Arrow
Press: ? - help, Shift-Dir - straight line, f - orc priest
Aim: an orc priest, wielding a club and wearing a leather armour The stone arrow misses the orc priest.
The orc priest hits you but does no damage.
The orc priest closely misses you.
You hit the orc priest.
The orc priest is moderately wounded.
The orc priest misses you. The orc priest hits you with a club.
* * * LOW HITPOINT WARNING * * *
The orc priest hits you.
You die...

...###### ##........##....
##.....>## #...#..##....#
#######..#########.#.#......### #
##...............#......## #
########.§.§#..#........## ##
###o#§§#.#..........# .#
##########...oo§§.#..o.......#
(###...........####§....o...)...#
..............)o@o...............
...#######..######...#..........#
##.######..## ##.####...<....##
#........## ###..# #........##
#.#.###### ##...## #...........
##.#.## #....# #.......<...
#..#..## ##..#.## #...........
..###..# #..##.# #.........## .##
##.### #.# #.# #.........#


You could see 2 orc priests.

Vanquished Creatures
  A sky beast (D:3)
  A scorpion (D:4)
  An orc wizard (D:4)
  An orc priest (D:4)
  An iguana (D:4)
  A worker ant (D:3)
  2 hound skeletons (D:4)
  7 gnolls
  4 adders
  An ooze (D:3)
  2 worms
  3 dart slugs
  6 leopard geckos
  11 orcs
  5 giant cockroaches
  8 goblins
  6 hobgoblins
  4 jackals
  3 quokkas
  8 bats
  2 frilled lizards
  4 kobolds
  9 rats
91 creatures vanquished.

Notes
Turn   | Place    | Note
-------+----------+-------------------------------------------
     0 | D:1      | AlphabetPasta the Deep Elf Earth Elementalist began the quest for the Orb.
     0 | D:1      | Reached XP level 1. HP: 10/10 MP: 6/6
   153 | D:1      | Reached XP level 2. HP: 15/15 MP: 6/8
   157 | D:1      | Learned a level 2 spell: Passwall
  1086 | D:2      | Reached XP level 3. HP: 19/19 MP: 5/10
  1184 | D:2      | Learned a level 3 spell: Stone Arrow
  1354 | D:2      | Found a hazy altar of Hepliaklqana.
  1729 | D:3      | Noticed a sky beast
  1742 | D:3      | Killed a sky beast
  1742 | D:3      | Reached skill level 5 in Earth Magic
  1742 | D:3      | Reached XP level 4. HP: 23/24 MP: 8/12
  1742 | D:3      | Reached XP level 5. HP: 27/28 MP: 9/14
  1748 | D:3      | Learned a level 4 spell: Petrify
  2013 | D:3      | Reached skill level 5 in Spellcasting
  2326 | D:3      | Found a stormy altar of Qazlal.
  3173 | D:4      | Found a deep blue altar of Sif Muna.
  3266 | D:4      | Reached XP level 6. HP: 31/32 MP: 16/16
  3456 | D:4      | Reached skill level 1 in Conjurations
  3714 | D:4      | Learned a level 5 spell: Lee's Rapid Deconstruction
  3859 | D:4      | Slain by an orc priest

Vault maps used:
D:1:      ncdulo_watergridlock, st_stairs_3
D:2:      lemuel_crystal_altar
D:3:      nicolae_overflow_hidden_temple, first_bread
D:4:      nicolae_overflow_crystal_walls

Skill      XL: |  1  2  3  4  5  6 |
---------------+-------------------+-----
Earth Magic    | 4 5 6 |  6.9
Spellcasting   | 4 5 6 |  6.1
Conjurations   | 2 |  2.1
Dodging        | |  2.4
Stealth        | |  2.4
Transmutations | |  1.1

Action                   |  1- 3 |  4- 6 || total
-------------------------+-------+-------++-------
Melee: Spear             |    92 |    46 ||   138
       Flail             |       |    36 ||    36
 Cast: Sandblast         |    43 |    39 ||    82
       Stone Arrow       |       |    14 ||    14
  Use: Scroll            |     3 |     4 ||     7
       Potion            |       |     1 ||     1
 Stab: Sleeping          |     5 |     2 ||     7
  Eat: Chunk             |     3 |     6 ||     9
Armor: Robe              |    15 |    18 ||    33
Dodge: Dodged            |    61 |    66 ||   127
